 Dungeon Crawl Stone Soup version 0.31-a0-152-g6aa68a64a1 (webtiles) character file.

Game seed: 3692451502102184064

439 qw the Chopper (level 7, 0/43 HPs)
             Began as a Gargoyle Fighter on June 10, 2023.
             Slain by Edmund
             ... wielding a +2 flail of protection
              (5 damage)
             ... on level 5 of the Dungeon.
             The game lasted 00:01:57 (3418 turns).

qw the Chopper (Gargoyle Fighter)                   Turns: 3418, Time: 00:01:58

Health: 0/43       AC: 11    Str: 21    XL:     7   Next: 1%
Magic:  0/7        EV:  9    Int:  9    God:
Gold:   119        SH:  4    Dex:  9    Spells: 6/6 levels left

rFire   . . .        Y - +0 war axe
rCold   . . .        c - +0 buckler
rNeg    + . .        b - +0 scale mail
rPois   inf          (no helmet)
rElec   +            (no cloak)
rCorr   .            (no gloves)
SInv    .            (no boots)
Will    .....        g - amulet of guardian spirit Stlth
                     (no ring)
HPRegen 0.27/turn    (no ring)
MPRegen 0.10/turn

%: guardian spirit
@: about to teleport
A: sickness immunity, AC +4, negative energy resistance 1, electricity
resistance, torment resistance 1, petrification resistance
a: no special abilities


You were on level 5 of the Dungeon.
You visited 2 branches of the dungeon, and saw 6 of its levels.

You collected 119 gold pieces.


Innate Abilities, Weirdness & Mutations

You are immune to sickness and miasma.
Your stone body is resilient. (AC +4)
You are immune to poison.
You resist negative energy. (rN+)
You are resistant to electric shocks. (rElec)
You are resistant to unholy torment.
You are immune to petrification.


   Skills:
 - Level 4.1 Fighting
 + Level 6.0 Axes
 - Level 3.2 Armour
 - Level 1.2 Dodging
 - Level 3.2 Shields


You had 6 spell levels left.
You didn't know any spells.
Your spell library was empty.

Inventory:

Hand Weapons
 h - a +0 flail
 Y - a +0 war axe (weapon)
Armour
 b - a +0 scale mail (worn)
 c - a +0 buckler (worn)
 e - a +0 pair of gloves
Jewellery
 g - an amulet of guardian spirit (around neck)
Scrolls
 k - a scroll of identify
Potions
 d - a potion of might
 i - a potion of cancellation
 j - 2 potions of curing
 l - a potion of resistance {unknown}

Dungeon Overview and Level Annotations

Branches:
Dungeon (5/15)             Temple (1/1) D:4

Altars:
Ashenzari
Dithmenos
Elyvilon
Fedhas
Gozag
Hepliaklqana
Kikubaaqudgha
Makhleb
Nemelex Xobeh
Qazlal
Ru
Sif Muna
Trog
Wu Jian
Zin
The Shining One

Shops:
D:4 (

Annotations:
D:5 Edmund


Message History

Edmund hits you with a +2 flail of protection.
You closely miss Edmund.
Edmund is moderately wounded.
Edmund barely misses you.
You barely miss Edmund.
Edmund is moderately wounded.
Edmund barely misses you.
Edmund hits you with a +2 flail of protection.
You slash Edmund!
Edmund is severely wounded.
Edmund hits you but does no damage.
You barely miss Edmund.
Edmund is severely wounded.
Edmund hits you with a +2 flail of protection.
You slash Edmund!
Edmund is almost dead.
Edmund hits you with a +2 flail of protection!
You hit Edmund but do no damage.
Edmund is almost dead.
Edmund says, "A flail is better than a scythe, any day of the week!"
You block Edmund's attack.
You barely miss Edmund.
Edmund is almost dead.
You block Edmund's attack.
Edmund hits you with a +2 flail of protection!
You closely miss Edmund.
Edmund is almost dead.
Edmund hits you with a +2 flail of protection!
You completely miss Edmund.
Edmund is almost dead.
Edmund hits you with a +2 flail of protection!
3417 ||| READING scroll of teleportation.
As you read the scroll of teleportation, it crumbles to dust.
You feel strangely unstable.
Edmund hits you with a +2 flail of protection.
You hit Edmund.
Edmund is almost dead.
Edmund completely misses you.
Edmund hits you with a +2 flail of protection.
You die...

#.. # ###.
#.##. ...
#...## #.#
#....######.#
##...........##
#........###..#
+.....####
##.#####
##....##
#..<... +@#...#
##..... #@###.#
#...#. #.# ###
##### ..# ...
.... ....
...~~~


You could see Edmund.

Vanquished Creatures
  A scorpion (D:4)
  A jelly (D:4)
  A gnoll bouda (D:4)
  A hound (D:4)
  2 iguanas (D:4)
  2 sleepcaps (D:4)
  4 gnolls
  7 adders
  A worm (D:2)
  A dart slug (D:1)
  3 orcs
  6 ball pythons
  8 bats
  2 endoplasms
  3 giant cockroaches (D:2)
  11 hobgoblins
  7 jackals (D:1)
  2 quokkas
  3 frilled lizards
  7 goblins
  8 kobolds
  5 rats
86 creatures vanquished.

Notes
Turn   | Place    | Note
-------+----------+-------------------------------------------
     0 | D:1      | qw the Gargoyle Fighter began the quest for the Orb.
     0 | D:1      | Reached XP level 1. HP: 14/14 MP: 1/1
     0 | D:1      | 0 ||| qw: Version: 0.2-a-123-gb51047a
     0 | D:1      | 0 ||| qw: Game counter: 3733
     0 | D:1      | 0 ||| qw: Always use a shield: true
     0 | D:1      | 0 ||| qw: God list: Okawaru
     0 | D:1      | 0 ||| qw: Allow faded altars: false
     0 | D:1      | 0 ||| qw: Do Orc after D:15 true
     0 | D:1      | 0 ||| qw: Do second Lair branch before Depths: true
     0 | D:1      | 0 ||| qw: Lair rune preference: random
     0 | D:1      | 0 ||| qw: Plans: Normal, Zot:1-4, Slime:5, God:TSO, Crypt,
                  | Tomb, Abyss, Pan, Hells, Win
     0 | D:1      | 0 ||| PLANNING D:1-11
    12 | D:1      | 12 ||| Stepping ~*~*~tactically~*~*~ (stealth).
    27 | D:1      | 27 ||| Stepping ~*~*~tactically~*~*~ (stealth).
    33 | D:1      | Reached skill level 2 in Axes
    33 | D:1      | Reached XP level 2. HP: 8/19 MP: 2/2
   181 | D:1      | Reached skill level 3 in Axes
   182 | D:1      | Reached XP level 3. HP: 23/23 MP: 3/3
   195 | D:1      | 195 ||| Stepping ~*~*~tactically~*~*~ (stealth).
   231 | D:1      | 231 ||| Stepping ~*~*~tactically~*~*~ (stealth).
   246 | D:1      | 246 ||| Stepping ~*~*~tactically~*~*~ (stealth).
   495 | D:1      | 495 ||| Stepping ~*~*~tactically~*~*~ (hiding).
   801 | D:1      | 801 ||| UPGRADING to amulet of guardian spirit.
   806 | D:1      | 806 ||| READING scroll labelled KIAGIA EHILOSO.
   807 | D:1      | 807 ||| READING scroll labelled JUUTRE POSUSTU.
   808 | D:1      | 808 ||| READING 2 scrolls labelled GILIGY DUTA.
   809 | D:1      | 809 ||| READING scroll labelled XYZOUSSIPEE.
   858 | D:2      | Found a white marble altar of Elyvilon.
   909 | D:2      | 909 ||| Stepping ~*~*~tactically~*~*~ (stealth).
   910 | D:2      | 910 ||| Stepping ~*~*~tactically~*~*~ (stealth).
   912 | D:2      | 912 ||| Stepping ~*~*~tactically~*~*~ (stealth).
   918 | D:2      | Reached XP level 4. HP: 28/28 MP: 4/4
   932 | D:2      | 932 ||| Stepping ~*~*~tactically~*~*~ (stealth).
   969 | D:2      | Reached skill level 4 in Axes
  1021 | D:2      | 1021 ||| Stepping ~*~*~tactically~*~*~ (hiding).
  1022 | D:2      | 1022 ||| Stepping ~*~*~tactically~*~*~ (hiding).
  1230 | D:2      | 1230 ||| Stepping ~*~*~tactically~*~*~ (stealth).
  1579 | D:2      | 1579 ||| READING scroll labelled OMALINWIEPI.
  1580 | D:2      | 1580 ||| READING scroll labelled CYMMIT NAARR.
  1581 | D:2      | 1581 ||| READING scroll labelled OHUDAN MERECS.
  1600 | D:2      | 1600 ||| READING scroll labelled WOROTW VEMIUN.
  1605 | D:2      | 1605 ||| DRINKING 3 emerald potions.
  1606 | D:2      | 1606 ||| READING 2 scrolls of identify.
  1606 | D:2      | 1606 ||| IDENTIFYING fuming yellow potion
  1679 | D:3      | 1679 ||| Stepping ~*~*~tactically~*~*~ (hiding).
  1681 | D:3      | 1681 ||| Stepping ~*~*~tactically~*~*~ (hiding).
  1856 | D:3      | 1856 ||| Stepping ~*~*~tactically~*~*~ (stealth).
  1859 | D:3      | 1859 ||| Stepping ~*~*~tactically~*~*~ (stealth).
  1860 | D:3      | 1860 ||| Stepping ~*~*~tactically~*~*~ (stealth).
  1877 | D:3      | 1877 ||| FLEEEEING.
  1878 | D:3      | 1878 ||| FLEEEEING.
  1879 | D:3      | 1879 ||| FLEEEEING.
  1880 | D:3      | 1880 ||| FLEEEEING.
  2025 | D:3      | 2025 ||| DROPPING +1 mace of holy wrath.
  2033 | D:3      | Reached XP level 5. HP: 32/32 MP: 5/5
  2237 | D:3      | 2237 ||| READING scroll labelled RYBBEO FIMOHUV.
  2238 | D:3      | 2238 ||| READING scroll labelled DOT GEOHIUHO.
  2239 | D:3      | 2239 ||| READING 2 scrolls of identify.
  2239 | D:3      | 2239 ||| IDENTIFYING green potion
  2240 | D:3      | 2240 ||| DROPPING potion of degeneration.
  2299 | D:4      | Found a broken altar of Ashenzari.
  2335 | D:4      | Found Oneg Fiy's Antique Weapon Boutique.
  2358 | D:4      | Reached skill level 5 in Axes
  2440 | D:4      | 2440 ||| SHOPLISTING glowing eveningstar (396 gold, have
                  | 107).
  2472 | D:4      | 2472 ||| Stepping ~*~*~tactically~*~*~ (hiding).
  2474 | D:4      | 2474 ||| Stepping ~*~*~tactically~*~*~ (hiding).
  2506 | D:4      | 2506 ||| Stepping ~*~*~tactically~*~*~ (hiding).
  2529 | D:4      | HP: 7/33 [gnoll bouda/+0 whip (7)]
  2532 | D:4      | Reached XP level 6. HP: 8/38 MP: 2/6
  2548 | D:4      | 2548 ||| FLEEEEING.
  2555 | D:4      | 2555 ||| STAIRDANCE
  2643 | D:3      | 2643 ||| READING 2 scrolls labelled OBEAME GACI.
  2644 | D:3      | 2644 ||| DROPPING scroll of fear.
  2680 | D:4      | 2680 ||| Stepping ~*~*~tactically~*~*~ (stealth).
  2683 | D:4      | 2683 ||| Stepping ~*~*~tactically~*~*~ (stealth).
  2695 | D:4      | 2695 ||| Stepping ~*~*~tactically~*~*~ (stealth).
  2720 | D:4      | Reached skill level 1 in Dodging
  2808 | D:4      | 2808 ||| Stepping ~*~*~tactically~*~*~ (hiding).
  2809 | D:4      | 2809 ||| Stepping ~*~*~tactically~*~*~ (hiding).
  2812 | D:4      | 2812 ||| Stepping ~*~*~tactically~*~*~ (hiding).
  3028 | D:4      | Found a staircase to the Ecumenical Temple.
  3029 | D:4      | 3029 ||| PLANNING TEMPLE
  3037 | Temple   | Entered the Ecumenical Temple
  3092 | Temple   | 3092 ||| PLANNING D:1-11
  3149 | D:4      | 3149 ||| Stepping ~*~*~tactically~*~*~ (stealth).
  3238 | D:4      | Reached skill level 6 in Axes
  3238 | D:4      | Reached XP level 7. HP: 31/43 MP: 4/7
  3371 | D:5      | Entered Level 5 of the Dungeon
  3393 | D:5      | Noticed Edmund
  3416 | D:5      | HP: 8/43 [Edmund/+2 flail of protection (6)]
  3417 | D:5      | 3417 ||| READING scroll of teleportation.
  3418 | D:5      | Slain by Edmund

Levels and vault maps discovered:
D:1:      lemuel_arrival_rhombus, layout_loops_ring
D:2:      layout_loops_ring, basic_altar, minmay_crystal_room,
          kennysheep_another_room
D:3:      layout_rooms
D:4:      layout_rooms, ashenzari_conservatory_becter,
          minmay_temple_entry_antechambers, serial_shops,
          nicolae_shop_overgrown_old_shop, hellmonk_no_cap
D:5:      corexii_shantytown, layout_layer_cave, nicolae_wooded_promenade,
          uniq_prince_ribbit1, uniq_edmund
Temple:   zaba_magenta_temple

Skill      XL: |  1  2  3  4  5  6 |
---------------+-------------------+-----
Axes           | 2 3 4 5 6 |  6.0
Fighting       | 4 |  4.1
Dodging        | 1 |  1.2
Armour         | |  3.2
Shields        | |  3.2

Action                     |  1- 3 |  4- 6 |  7- 9 || total
---------------------------+-------+-------+-------++-------
  Melee: War axe           |   100 |   204 |    23 ||   327
    Use: Scroll            |     4 |     9 |     1 ||    14
         Potion            |       |     1 |       ||     1
 Armour: Scale mail        |    88 |   106 |     2 ||   196
  Dodge: Dodged            |    53 |   107 |    12 ||   172
  Block: Buckler           |    30 |    46 |     2 ||    78

Table legend:
 A = Non-vault XP
 B = Vault XP
 C = Vault XP percentage of total XP
 D = Non-vault monster count
 E = Vault monster count
 F = Vault count percentage of total count
                 A         B        C        D         E       F
            +---------+---------+-------+---------+---------+-------
      Total |     551 |      77 |  12.3 |      83 |       3 |   3.5
            +---------+---------+-------+---------+---------+-------
        D:1 |      74 |       0 |   0.0 |      34 |       0 |   0.0
        D:2 |      80 |       0 |   0.0 |      19 |       0 |   0.0
        D:3 |      31 |       0 |   0.0 |      11 |       0 |   0.0
        D:4 |     366 |      77 |  17.4 |      19 |       3 |  13.6
            +---------+---------+-------+---------+---------+-------
